 Dungeon Crawl Stone Soup version 0.25.1-2-g60ff931df9 (webtiles) character file.

Game seed: 12661130669658819565

6 gbos the Skirmisher (level 1, 0/21 HPs)
             Began as a Naga Fighter on Nov 19, 2020.
             Slain by a gnoll
             ... wielding a +1 vampiric spear
              (4 damage)
             ... on level 1 of the Dungeon.
             The game lasted 00:00:01 (99 turns).

gbos the Skirmisher (Naga Fighter)                    Turns: 99, Time: 00:00:01

Health: 0/21       AC:  3    Str: 18    XL:     1   Next: 90%
Magic:  1/1        EV:  5    Int:  8    God:
Gold:   22         SH:  8    Dex: 10    Spells: 0/0 levels left

rFire    . . .     SeeInvis +   a - +0 war axe
rCold    . . .     Gourm    .   c - +0 kite shield
rNeg     . . .     Faith    .   b - +0 scale mail
rPois    +         Spirit   .   (no helmet)
rElec    .         Reflect  .   (no cloak)
rCorr    .         Harm     .   (no gloves)
MR       .....                  (no barding)
Stlth    ..........             (no amulet)
HPRegen  0.07/turn              (no ring)
MPRegen  0.07/turn              (no ring)

@: very slow
A: large, see invisible, deformed body, poison resistance, slowness 2, slow
metabolism 1, spit poison 1, AC +0
a: Spit Poison


You were on level 1 of the Dungeon.
You were not hungry.

You visited 1 branch of the dungeon, and saw 1 of its levels.

You collected 22 gold pieces.


Innate Abilities, Weirdness & Mutations

You cannot wear boots.
Your serpentine skin is tough. (AC +0)
You have supernaturally acute eyesight. (SInv)
Armour fits poorly on your strangely shaped body.
Your system is resistant to poisons. (rPois)
You cover ground very slowly.
You have a slow metabolism.
You can spit poison.


   Skills:
 - Level 3.0 Fighting
 + Level 2.6 Axes
 - Level 2.4 Armour
 - Level 2.4 Shields


You couldn't memorise any spells.
You didn't know any spells.
Your spell library was empty.

Inventory:

Hand Weapons
 a - a +0 war axe (weapon)
 e - a +0 club
Armour
 b - a +0 scale mail (worn)
 c - a +0 kite shield (worn)
Potions
 d - a potion of might
Comestibles
 f - a ration
 g - a chunk of flesh

Dungeon Overview and Level Annotations

Branches:
Dungeon (1/15)

Altars:


Message History

You feel slightly more hungry.
A gnoll comes into view. It is wielding a +1 vampiric spear.
You have got your breath back.
The hobgoblin hits you with a +0 club.
A rat comes into view.
A frilled lizard comes into view.
The hobgoblin hits you with a +0 club.
The frilled lizard hisses angrily.
You hit the hobgoblin but do no damage.
The hobgoblin is heavily wounded.
A hobgoblin comes into view.
You block the hobgoblin's attack.
The hobgoblin shouts!
You slash the hobgoblin!
You kill the hobgoblin!
The gnoll hits you from afar with a +1 vampiric spear!
The gnoll hits you with a +1 vampiric spear.
You see here a +0 club.
You barely miss the gnoll.
The gnoll hits you with a +1 vampiric spear.
You die...

# ## #.## ..... ..
.###.. ##.##.#.. ##.
#....# ....#.#.#...
.....# .......#..# ..
#....# #........#..#
.....# #..#.#g.....
#....## #.#rgl..#
......# #..@# #####.#
#...# .# #.###
##...##### ## #...#
##........# .#
###)####.........# ##
####..#...........#
####....%............#
.....###.###.........#
.....#.....#...........


You could see a gnoll, a hobgoblin, a frilled lizard and a rat.

Vanquished Creatures
  2 hobgoblins (D:1)
  A bat (D:1)
  A frilled lizard (D:1)
  A kobold (D:1)
  2 rats (D:1)
7 creatures vanquished.

Notes
Turn   | Place    | Note
-------+----------+-------------------------------------------
     0 | D:1      | gbos the Naga Fighter began the quest for the Orb.
     0 | D:1      | Reached XP level 1. HP: 21/21 MP: 1/1
     0 | D:1      | 0 ||| counter = 253
    21 | D:1      | 21 ||| INVOKING Spit Poison.
    36 | D:1      | 36 ||| INVOKING Spit Poison.
    45 | D:1      | 45 ||| INVOKING Spit Poison.
    46 | D:1      | 46 ||| INVOKING Spit Poison.
    56 | D:1      | 56 ||| INVOKING Spit Poison.
    92 | D:1      | 92 ||| INVOKING Spit Poison.
    98 | D:1      | HP: 3/21 [gnoll/+1 vampiric spear (6)]
    99 | D:1      | Slain by a gnoll

Levels and vault maps discovered:
D:1:      ncdulo_watergridlock, layout_rooms, st_stairs_3, hex_medium,
          hangedman_decor_clover_reticule

Action                   || total
-------------------------++-------
Melee: War axe           ||    11
 Abil: Spit Poison       ||     5
Armor: Scale mail        ||     1
Dodge: Dodged            ||     1
Block: Kite shield       ||     2

Table legend:
 A = Non-vault XP
 B = Vault XP
 C = Vault XP percentage of total XP
 D = Non-vault monster count
 E = Vault monster count
 F = Vault count percentage of total count
                 A         B        C        D         E       F
            +---------+---------+-------+---------+---------+-------
      Total |       6 |       3 |  33.3 |       5 |       2 |  28.6
            +---------+---------+-------+---------+---------+-------
        D:1 |       6 |       3 |  33.3 |       5 |       2 |  28.6
            +---------+---------+-------+---------+---------+-------
